Map: World of Sleepers LE

Players

TLO - Winner!

  • Race: Zerg Zerg
  • Spawn Location: 7:00

Elazer

  • Race: Zerg Zerg
  • Spawn Location: 1:00

VOD

Have the link to the VOD?

Description

Time

  • Played on: Sept. 6, 2019, 4:45 p.m.
  • Length: 4:08
Show
View Real Time Build Order
Export as new Build Order

TLO Zerg - Winner!

Build Orders: Hatch First 

Get SALT Encoding   

  12  0:00  Drone  
  13  0:12  Overlord  
  13  0:16  Drone  
  14  0:31  Drone x2  
  16  0:48  Hatchery  
  15  0:57  Extractor  
  15  1:03  Spawning Pool  
  13  1:07  Drone  
  13  1:10  Drone  
  15  1:15  Drone  
  16  1:19  Drone  
  17  1:31  Overlord  
  17  1:49  Queen  
  17  1:50  Zergling x2  
  20  1:57  Metabolic Boost  
  20  2:00  Queen  
  22  2:04  Zergling x2  
  23  2:09  Drone  
  23  2:13  Zergling x2  
  25  2:17  Zergling x4  
  27  2:23  Zergling x2  
  27  2:24  Zergling x2  
  29  2:32  Zergling x2  
  29  2:33  Zergling x2  
  31  2:46  Zergling x4  
  33  2:54  Zergling x2  
  33  2:55  Zergling x2  
  33  2:57  Zergling x2  
  36  2:59  Overlord  
  35  3:18  Zergling x2  
  35  3:19  Zergling x12  
  42  3:28  Zergling x2  
  42  3:33  Drone  
  43  3:38  Drone  
  43  3:41  Zergling x2  
  43  3:43  Zergling x2  
  43  3:44  Zergling x2  
  43  3:45  Zergling x2  
  43  3:50  Zergling x2  
Show
View Real Time Build Order
Export as new Build Order

Elazer Zerg 

Build Orders: Hatch First 

Get SALT Encoding   

  12  0:00  Drone  
  13  0:12  Overlord  
  13  0:17  Drone  
  14  0:31  Drone x2  
  16  0:48  Hatchery  
  15  0:51  Drone  
  15  0:54  Drone  
  17  0:57  Drone  
  18  1:08  Extractor  
  17  1:13  Spawning Pool  
  17  1:16  Drone  
  17  1:19  Drone  
  18  1:28  Drone  
  19  1:38  Drone  
  20  1:50  Drone  
  21  1:59  Queen x2  
  21  2:00  Zergling x2  
  26  2:01  Overlord  
  26  2:08  Metabolic Boost  
  26  2:12  Drone x2  
  28  2:25  Zergling x4  
  30  2:33  Hatchery  
  29  2:42  Drone x2  
  29  2:44  Zergling x2  
  32  2:45  Overlord  
  32  2:54  Drone x2  
  33  3:05  Drone  
  33  3:06  Drone  
  33  3:09  Zergling x6  
  38  3:12  Queen  
  38  3:15  Drone  
  38  3:16  Zergling x2  
  38  3:18  Zergling x2  
  43  3:21  Zergling x2  
  43  3:26  Spine Crawler  
  42  3:27  Zergling x2  
  42  3:31  Overlord  
  42  3:36  Overlord  
  42  3:38  Zergling x4  
  37  3:42  Zergling x2  
  37  3:44  Zergling x2  
  32  3:49  Zergling x2  
Tags
 
Add a new tag
Caveats
  • Supply blocks, unpowered buildings, or Contaminate may cause inaccurate times.
  • Supply counts are checked every 10 seconds.